 Dungeon Crawl Stone Soup version 0.28-a0-1518-gbe868bca14 (webtiles) character file.

Game seed: 17144292401203824204

73 oldriver the Chopper (level 4, -13/41 HPs)
             Began as a Gnoll Cinder Acolyte on Jan 17, 2022.
             Was a High Priest of Ignis.
             Killed from afar by Ijyb (40 damage)
             ... with a bolt of acid
             ... on level 3 of the Dungeon.
             The game lasted 00:02:26 (3750 turns).

oldriver the Chopper (Gnoll Cinder Acolyte)         Turns: 3750, Time: 00:02:26

Health: -13/41     AC:  1    Str: 16    XL:     4   Next: 27%
Magic:  0/8        EV: 10    Int: 13    God:    Ignis [*****.]
Gold:   99         SH:  3    Dex:  7    Spells: 7/9 levels left

rFire   + . .      SeeInvis .   a - -1 hand axe (flame)
rCold   . . .      Faith    .   h - +0 buckler
rNeg    . . .      Spirit   .   p - +0 ring mail
rPois   .          Reflect  .   (no helmet)
rElec   .          Harm     .   (no cloak)
rCorr   .          Rampage  .   (no gloves)
Will    .....                   (no boots)
Stlth   +.........              (no amulet)
HPRegen 0.13/turn               (no ring)
MPRegen 0.11/turn               (no ring)

@: corroded
A: fangs 1, strong nose, distributed training
a: Renounce Religion, Fiery Armour, Foxfire Swarm, Rising Flame


You were on level 3 of the Dungeon.
You worshipped Ignis.
Ignis was extremely pleased with you.
You visited 1 branch of the dungeon, and saw 3 of its levels.

You collected 99 gold pieces.

Inventory:

Hand Weapons
 a - a -1 hand axe of flaming (weapon)
Armour
 h - a +0 buckler (worn)
 p - a +0 ring mail (worn)
Scrolls
 b - a scroll of magic mapping {unknown}
 c - a scroll of identify {unknown}
 e - a scroll of noise {unknown}
 f - 3 scrolls of immolation {unknown}
 g - a scroll of holy word {unknown}
 i - 2 scrolls of blinking {unknown}
 j - a scroll of silence {unknown}
 k - a scroll of enchant armour {unknown}
 o - a scroll of fog {unknown}
 q - a scroll of vulnerability {unknown}
 s - a scroll of enchant weapon {unknown}
Potions
 d - a potion of brilliance {unknown}
 l - a potion of degeneration {unknown}
 m - 2 potions of attraction {unknown}
 n - a potion of invisibility {unknown}
 r - a potion of curing {unknown}


   Skills:
 + Level 6.6 Fighting
 + Level 1.1 Short Blades
 + Level 1.1 Long Blades
 + Level 6.6 Axes
 + Level 1.1 Maces & Flails
 + Level 1.1 Polearms
 + Level 1.1 Staves
 + Level 1.1 Slings
 + Level 1.1 Bows
 + Level 1.1 Crossbows
 + Level 1.1 Throwing
 + Level 1.1 Armour
 + Level 1.1 Dodging
 + Level 1.1 Stealth
 + Level 1.1 Shields
 + Level 1.1 Unarmed Combat
 + Level 3.0 Spellcasting
 + Level 0.8 Conjurations
 + Level 0.8 Hexes
 + Level 0.8 Summonings
 + Level 0.8 Necromancy
 + Level 0.8 Translocations
 + Level 0.8 Transmutations
 + Level 5.4 Fire Magic
 + Level 0.8 Ice Magic
 + Level 0.8 Air Magic
 + Level 0.8 Earth Magic
 + Level 0.8 Poison Magic
 + Level 1.2 Invocations
 + Level 1.1 Evocations


You had 7 spell levels left.
You knew the following spells:

 Your Spells              Type           Power      Damage    Failure   Level
a - Scorch                Fire           32%        2d7       10%         2

Your spell library contained the following spells:

 Spells                   Type           Power      Damage    Failure   Level
 Ensorcelled Hibernation  Hex/Ice        8%         N/A       52%         2
 Passwall                 Tmut/Erth      3%         N/A       52%         2
 Swiftness                Air            4%         N/A       77%         3


Dungeon Overview and Level Annotations

Branches:
Dungeon (3/15)

Altars:

Annotations:
D:3 Ijyb


Innate Abilities, Weirdness & Mutations

You have very sharp teeth.
Your uncanny sense of smell can sniff out nearby items.
Your experience applies equally to all skills.


Message History

You climb downwards.
There is a stone staircase leading up here.
There is a stone staircase leading up here.
Things that are here:
a +0 scale mail; a +0 dagger; an orc skeleton The orc shouts!
An orc is nearby!
An orc is nearby!
Ijyb the Twisted Goblin comes into view.
She is wielding a +0 club and carrying a wand of acid (8).
You see here a +0 club.
Ijyb shouts!
Ijyb zaps a wand.
The bolt of acid misses you.
You see here a +0 club.
Ijyb zaps a wand.
The bolt of acid hits the orc!!
The orc dies!
The bolt of acid hits you!
Things that are here:
a +0 scale mail; a +0 dagger; an orc skeleton
There is a stone staircase leading up here.
Ijyb zaps a wand.
The bolt of acid hits you!
You climb upwards.
There is a stone staircase leading down here.
You start resting.
HP restored.
You climb downwards.
Level annotation: Ijyb
There is a stone staircase leading up here.
Flames lash Ijyb but do no damage.
Ijyb zaps a wand.
The bolt of acid misses you.
Flames lash Ijyb.
Ijyb is moderately wounded.
Ijyb's fire resistance burns away.
Flames lash Ijyb.
Ijyb is burned terribly!
Ijyb is severely wounded.
Ijyb zaps a wand.
The bolt of acid hits you! The acid corrodes you!
Flames lash Ijyb.
Ijyb is burned terribly!
Ijyb is almost dead.
Ijyb zaps a wand.
The bolt of acid hits you!!!
Ouch! That really hurt!
You die...

#..# #.# #.#. #..##
#.#####...
##.#.###.##......
#.###.##....##..#
##.#.#####......# #..##
#.####.# #..# #.# #.#
###########..######.####.#
#......[g@...............#
#.################..#.####
#.# #..#....) #)#
#..###### #.# #..#
#g....... #..# #........
#..# ##....... #..# ##
....... #..#####.


You could see Ijyb (combustible).

Vanquished Creatures
  2 dart slugs
  7 orcs (D:3)
  2 ball pythons
  5 bats
  8 endoplasms
  5 giant cockroaches
  6 goblins (D:1)
  5 hobgoblins
  A quokka (D:2)
  3 frilled lizards
  6 kobolds
  5 rats
55 creatures vanquished.

Vanquished Creatures (others)
  An orc (D:3)
  A withered plant (D:1)
2 creatures vanquished.

Grand Total: 57 creatures vanquished

Notes
Turn   | Place    | Note
-------+----------+-------------------------------------------
     0 | D:1      | oldriver the Gnoll Cinder Acolyte began the quest for the
                  | Orb.
     0 | D:1      | Reached XP level 1. HP: 23/23 MP: 4/4
   172 | D:1      | Reached XP level 2. HP: 21/29 MP: 5/5
   287 | D:1      | Learned a level 2 spell: Scorch
   516 | D:1      | Found a faded altar of an unknown god.
  1047 | D:1      | Reached XP level 3. HP: 35/35 MP: 4/7
  2052 | D:2      | Reached skill level 1 in Invocations
  2525 | D:3      | Reached skill level 1 in Short Blades
  2525 | D:3      | Reached skill level 1 in Long Blades
  2525 | D:3      | Reached skill level 1 in Maces & Flails
  2525 | D:3      | Reached skill level 1 in Polearms
  2525 | D:3      | Reached skill level 1 in Staves
  2525 | D:3      | Reached skill level 1 in Slings
  2525 | D:3      | Reached skill level 1 in Bows
  2525 | D:3      | Reached skill level 1 in Crossbows
  2525 | D:3      | Reached skill level 1 in Throwing
  2525 | D:3      | Reached skill level 1 in Armour
  2525 | D:3      | Reached skill level 1 in Dodging
  2525 | D:3      | Reached skill level 1 in Stealth
  2525 | D:3      | Reached skill level 1 in Shields
  2525 | D:3      | Reached skill level 1 in Unarmed Combat
  2525 | D:3      | Reached skill level 1 in Evocations
  2768 | D:3      | Reached XP level 4. HP: 40/41 MP: 5/8
  3147 | D:3      | Noticed a phantom
  3521 | D:3      | Noticed Ijyb
  3750 | D:3      | Killed from afar by Ijyb

Illustrated notes

Levels and vault maps discovered:
D:1:      tarquinn_simple_flora_water_a, layout_basic,
          ebering_ecumenical_altar_petrified, chequers_jeans
D:2:      layout_loops_corners
D:3:      layout_loops_ring, minmay_box_of_dots, uniq_ijyb

Skill      XL: |  1  2  3  4 |
---------------+-------------+-----
Invocations    | 1 |  1.2
Short Blades   | 1 |  1.1
Long Blades    | 1 |  1.1
Maces & Flails | 1 |  1.1
Polearms       | 1 |  1.1
Staves         | 1 |  1.1
Slings         | 1 |  1.1
Bows           | 1 |  1.1
Crossbows      | 1 |  1.1
Throwing       | 1 |  1.1
Armour         | 1 |  1.1
Dodging        | 1 |  1.1
Stealth        | 1 |  1.1
Shields        | 1 |  1.1
Unarmed Combat | 1 |  1.1
Evocations     | 1 |  1.1
Spellcasting   | 3 |  3.0
Fighting       | |  6.6
Axes           | |  6.6
Conjurations   | |  0.8
Hexes          | |  0.8
Summonings     | |  0.8
Necromancy     | |  0.8
Translocations | |  0.8
Transmutations | |  0.8
Fire Magic     | |  5.4
Ice Magic      | |  0.8
Air Magic      | |  0.8
Earth Magic    | |  0.8
Poison Magic   | |  0.8

Action                   |  1- 3 |  4- 6 || total
-------------------------+-------+-------++-------
Melee: Hand axe          |    36 |    16 ||    52
       Bite              |     2 |     1 ||     3
       Punch             |     1 |       ||     1
 Cast: Scorch            |    38 |    12 ||    50
Armor: Robe              |    14 |       ||    14
       Ring mail         |       |    13 ||    13
Dodge: Dodged            |    44 |    14 ||    58
Block: Buckler           |     3 |     3 ||     6

Table legend: (Time is in decaauts)
 A = Elapsed time spent in this place.
 B = Non-inter-level travel time spent in this place.
 C = Inter-level travel time spent in this place.
 D = Time resting spent in this place.
 E = Time spent auto-exploring this place.
 F = Levels seen in this place.
 G = Mean time per level.
                   A        B        C        D        E       F      G
               +--------+--------+--------+--------+--------+-----+--------+
         Total |   3754 |   3602 |    152 |    652 |   2524 |   3 | 1251.3 |
       Dungeon |   3754 |   3602 |    152 |    652 |   2524 |   3 | 1251.3 |
               +--------+--------+--------+--------+--------+-----+--------+

Top non-repeatable levels by time:
     D:1: 1553 daAuts
     D:2: 1446 daAuts
     D:3: 755 daAuts
